 Dungeon Crawl Stone Soup version 0.12.2-14-g7c90c79 (webtiles) character file.

121 MarVin the Skirmisher (level 3, 10/30 HPs)
             Began as a Demonspawn Fighter on Aug 5, 2013.
             Quit the game on Level 2 of the Dungeon.
             The game lasted 00:01:58 (573 turns).

MarVin the Skirmisher (Demonspawn Fighter)           Turns: 573, Time: 00:01:58

HP  10/30        AC  6     Str 17      XL: 3   Next: 10%
MP   2/2         EV  5     Int  9      God:
Gold 89          SH 18     Dex 12      Spells:  0 memorised,  2 levels left

Res.Fire  : . . .   See Invis. : .   g - +2 hand axe (chop)
Res.Cold  : . . .   Warding    : .   b - +0 scale mail
Life Prot.: . . .   Conserve   : .   c - +0 shield
Res.Poison: .       Res.Corr.  : .   (helmet restricted)
Res.Elec. : .       Clarity    : .   (no cloak)
Sust.Abil.: . .     Spirit.Shd : .   (no gloves)
Res.Mut.  : .       Stasis     : .   (no boots)
Res.Rott. : .       Ctrl.Telep.: .   (no amulet)
Saprovore : . . .   Flight     : .   (no ring)
                                     (no ring)

@: mildly poisoned, not resistant to hostile enchantments, very unstealthy
A: horns 1, nightstalker 1, spiny 1
a: no special abilities


You were on level 2 of the Dungeon.
You were not hungry.

You visited 1 branch of the dungeon, and saw 2 of its levels.

You collected 69 gold pieces.

Inventory:

Hand weapons
 a - a +0,+0 hand axe {=f}
 g - a +2,+2 hand axe of chopping (weapon)
Armour
 b - a +0 scale mail (worn)
 c - a +0 shield (worn)
 j - a +0 helmet
Comestibles
 d - a bread ration
 f - a snozzcumber
Scrolls
 i - 3 scrolls of remove curse {unknown}
 k - a scroll of identify {unknown}
 l - a scroll of magic mapping {unknown}
Jewellery
 n - an uncursed ring of fire {unknown}
Potions
 e - a potion of flight {unknown}
 h - a potion of brilliance {unknown}
 m - a potion of restore abilities {unknown}
 o - a potion of mutation {unknown}


   Skills:
 - Level 3.1 Fighting
 + Level 2.2 Axes
 - Level 3.0 Armour
 - Level 0.1 Dodging
 + Level 3.1 Shields


You had 2 spell levels left.
You didn't know any spells.

Dungeon Overview and Level Annotations

Branches:
Dungeon (2/27)

Altars:


Innate Abilities, Weirdness & Mutations

You have a pair of small horns on your head.
You are slightly more attuned to the shadows.
You are partially covered in sharp spines.


Message History

Your scale mail prevents you from hitting the adder.
The adder is severely wounded.
The hobgoblin hits you but does no damage.
The adder barely misses you.
You closely miss the adder.
The adder is severely wounded.
You feel sick. You block the hobgoblin's attack.
The adder bites you but does no damage.
You hit the adder.
You kill the adder!
You have reached level 3!
Your experience leads to an increase in your attributes!
Increase (S)trength, (I)ntelligence, or (D)exterity?
You feel stronger.
Your demonic ancestry asserts itself...
A pair of horns grows on your head!
Your +0 helmet falls away!
Sharp spines emerge from parts of your body.
You feel sick. The hobgoblin dodges your spines.
The hobgoblin hits you with an orcish club.
Are you sure you want to abandon this character and quit the game? (Confirm with "yes".)

...............
#..#.#
..........####
#..#.#
.....#.........
#..#.#
.##.#.#....>..
#..#.# ...........#
#..#.# # #.#.. ...#
#..#.# #.##.##..#
#..#.# #....%.# #
#..#.# #.##.##@##.#
#..#.# #.....g....#
#..#.#
####.##.####.#....#
.............#.####
####.##.######.#
...............#
####.##.########
.............#
....#..####.#


You could see a hobgoblin.

Vanquished Creatures
  An adder (D:2)
  3 giant geckos (D:1)
  A giant cockroach (D:1)
  3 goblins (D:1)
  3 hobgoblins (D:1)
  A kobold (D:1)
  A quokka (D:2)
  2 bats (D:1)
  2 giant newts (D:1)
  2 rats (D:1)
19 creatures vanquished.

Vanquished Creatures (others)
  4 toadstools (D:1)
4 creatures vanquished.

Grand Total: 23 creatures vanquished

Notes
Turn   | Place    | Note
--------------------------------------------------------------
     0 | D:1      | MarVin, the Demonspawn Fighter, began the quest for the Orb.
     0 | D:1      | Reached XP level 1. HP: 18/18 MP: 0/0
    62 | D:1      | Gained mutation: You are slightly more attuned to the shadows. [demonic ancestry]
    62 | D:1      | Reached XP level 2. HP: 12/24 MP: 1/1
   572 | D:2      | Gained mutation: You have a pair of small horns on your head. [demonic ancestry]
   572 | D:2      | Gained mutation: You are partially covered in sharp spines. [demonic ancestry]
   572 | D:2      | Reached XP level 3. HP: 12/30 MP: 2/2
   573 | D:2      | Quit the game

Action                   || total
-------------------------++-------
Melee: Hand axe          ||    64
